 Dungeon Crawl Stone Soup version 0.28.0 (webtiles) character file.

Game seed: 14771275153803041210

364 arthad the Covered (level 6, -10/39 HPs)
             Began as a Gargoyle Fighter on Feb 13, 2022.
             Killed by an exploding Duvessa (17 damage)
             ... ignited by their inner flame
             ... on level 4 of the Dungeon.
             The game lasted 00:08:35 (3836 turns).

arthad the Covered (Gargoyle Fighter)               Turns: 3836, Time: 00:08:36

Health: -10/39     AC: 11    Str: 26    XL:     6   Next: 67%
Magic:  6/6        EV: 10    Int:  8    God:
Gold:   95         SH:  0    Dex:  9    Spells: 5/5 levels left

rFire   + . .      SeeInvis .   i - +5 hunting sling "Murmur" {vorpal, Str+4}
rCold   + . .      Faith    .   c - +0 buckler
rNeg    + . .      Spirit   .   b - +0 scale mail
rPois   ∞          Reflect  .   (no helmet)
rElec   +          Harm     .   (no cloak)
rCorr   .          Rampage  .   (no gloves)
Will    .....                   (no boots)
Stlth   ..........              (no amulet)
HPRegen 0.13/turn               e - ring of protection from cold
MPRegen 0.10/turn               f - ring of protection from fire

@: confused, ambrosia-drunk
A: sickness immunity, AC +4, negative energy resistance 1, electricity
resistance, torment resistance 1, petrification resistance
a: no special abilities


You were on level 4 of the Dungeon.
You visited 1 branch of the dungeon, and saw 4 of its levels.

You collected 95 gold pieces.

Inventory:

Hand Weapons
 a - a +0 flail
 g - a +0 antimagic dagger
 i - the +5 hunting sling "Murmur" (weapon) {vorpal, Str+4}
   (You found it on level 2 of the Dungeon)

   Any ammunition fired from it inflicts extra damage upon your enemies.
   Str:       It affects your strength (+4).
Missiles
 d - 42 sling bullets
 j - 106 stones (quivered ammo)
Armour
 b - a +0 scale mail (worn)
 c - a +0 buckler (worn)
Jewellery
 e - a ring of protection from cold (left hand)
 f - a ring of protection from fire (right hand)
Scrolls
 h - 2 scrolls of fog {unknown}
 l - 2 scrolls of identify
 o - a scroll of enchant armour {unknown}
 p - a scroll of amnesia {unknown}
Potions
 k - 3 potions of brilliance
 q - a potion of curing {unknown}


   Skills:
 * Level 4.6 Fighting
 * Level 3.4 Maces & Flails
 + Level 1.1 Slings
 * Level 4.7 Armour
 + Level 1.2 Dodging
 * Level 4.6 Shields


You had 5 spell levels left.
You didn't know any spells.
Your spell library was empty.

Dungeon Overview and Level Annotations

Branches:
Dungeon (4/15)
 Temple: D:4-7

Altars:

Portals:
Abyss: D:4

Annotations:
D:4 2 transporters, js333's ghost, amateur DECj


Innate Abilities, Weirdness & Mutations

You are immune to sickness and miasma.
Your stone body is resilient. (AC +4)
You are immune to poison.
You resist negative energy. (rN+)
You are resistant to electric shocks. (rElec)
You are resistant to unholy torment.
You are immune to petrification.


Message History

You shoot a stone. The stone misses Dowan.
Dowan hits you but does no damage. Duvessa closely misses you.
You shoot a stone. The stone barely misses Dowan.
Dowan closely misses you. Duvessa hits you with a +0 rapier!
You shoot a stone. The stone hits Dowan!
Dowan is severely wounded.
Dowan hits you with a +0 dagger. Duvessa hits you but does no damage.
Dowan barely misses you.
You shoot a stone. The stone closely misses Dowan.
Duvessa says, "My weaknesses are his strengths!"
Duvessa misses you. Dowan hits you but does no damage.
You shoot a stone. The stone hits Dowan.
You kill Dowan!
Duvessa screams, "No!
How DARE you!"
Duvessa goes berserk!
Duvessa closely misses you. Duvessa hits you but does no damage.
You shoot a stone. The stone barely misses Duvessa.
You block Duvessa's attack. Duvessa hits you but does no damage.
You shoot a stone. The stone hits Duvessa.
Duvessa is moderately wounded.
Duvessa hits you with a +0 rapier! Duvessa barely misses you.
Okay, then.
Okay, then.
As you read the scroll labelled SABURIJUSS, it crumbles to dust.
The creatures around you are filled with an inner flame!
It was a scroll of immolation.
Duvessa hits you but does no damage.
As you read the scroll labelled ARILUP RODY, it crumbles to dust.
Your body is wracked with pain!
* * * LOW HITPOINT WARNING * * *
Duvessa convulses!
Flame seeps out of Duvessa.
It was a scroll of torment.
Duvessa is engulfed in blazing flames.
Flame seeps out of Duvessa.
Duvessa barely misses you.
Duvessa is engulfed in blazing flames.
Flame seeps out of Duvessa.
Duvessa hits you with a +0 rapier.
* * * LOW HITPOINT WARNING * * *
It was a potion of ambrosia.
You are confused.
You feel invigorated.
Duvessa is engulfed in blazing flames.
Duvessa explodes!
The fiery explosion engulfs you! You resist.
You die...

###........#.#.##.## #..#
.x#....##......##..#
.##....##......###.#
##.....##.....<..#.#
.......##<....##.#.##
©......##.....##.#..#
##.....##.....##.##.##
W##...###.....##.##..#
.∩##..# ######(§@§...#
#.##..# #(#○###.# .##...#
(...§§ ..# $#....#
......(..#.. .#....#
#>....#.#.##..
##....####.......... .>.
#...............(#.###...
.......###.... #.. . ....
......##


There were no monsters in sight!

Vanquished Creatures
  Duvessa (D:4)
  2 scorpions (D:4)
  Dowan (D:4)
  An orc priest (D:3)
  Terence (D:2)
  A hound skeleton (D:4)
  3 adders
  3 worms
  7 orcs
  3 ball pythons
  6 bats
  11 endoplasms
  2 giant cockroaches
  12 goblins
  7 hobgoblins
  8 jackals
  5 quokkas
  2 frilled lizards (D:2)
  7 kobolds
  5 rats
88 creatures vanquished.

Notes
Turn   | Place    | Note
-------+----------+-------------------------------------------
     0 | D:1      | arthad the Gargoyle Fighter began the quest for the Orb.
     0 | D:1      | Reached XP level 1. HP: 14/14 MP: 1/1
   130 | D:1      | Reached XP level 2. HP: 18/19 MP: 2/2
   429 | D:1      | Reached XP level 3. HP: 24/24 MP: 3/3
   970 | D:2      | Identified the +5 hunting sling "Murmur" {vorpal, Str+4}
  1066 | D:2      | Noticed Terence
  1310 | D:2      | Reached XP level 4. HP: 22/29 MP: 4/4
  1600 | D:2      | HP: 1/29 [Terence (3)]
  1602 | D:2      | Killed Terence
  2335 | D:3      | Noticed a black bear
  2502 | D:3      | Found a faded altar of an unknown god.
  2663 | D:3      | Reached XP level 5. HP: 33/33 MP: 5/5
  3438 | D:4      | Found a transporter.
  3450 | D:4      | Reached skill level 1 in Dodging
  3450 | D:4      | Reached XP level 6. HP: 36/39 MP: 6/6
  3501 | D:4      | Reached skill level 1 in Slings
  3555 | D:4      | Found a one-way gate to the infinite horrors of the Abyss.
  3555 | D:4      | Noticed js333's ghost (amateur DECj)
  3574 | D:4      | Found a transporter.
  3819 | D:4      | Noticed Dowan
  3821 | D:4      | Noticed Duvessa
  3831 | D:4      | Killed Dowan
  3836 | D:4      | Killed Duvessa
  3836 | D:4      | Killed by an exploding Duvessa... ignited by their inner
                  | flame

Illustrated notes

Levels and vault maps discovered:
D:1:      zaba_arrival_water, layout_rooms, serial_forest,
          infiniplex_forest_corner_1, infiniplex_forest_clump_small,
          infiniplex_forest_clump_medium, infiniplex_forest_clump_double,
          infiniplex_forest_straight_3, infiniplex_forest_straight_5,
          infiniplex_forest_straight_3
D:2:      layout_loops_ring, uniq_terence
D:3:      layout_loops_ring, shapermc_ecumenical_altar_venn
D:4:      layout_basic, vehumet_statue, serial_shops, shop,
          gammafunk_ghost_abyssal_escape, st_stairs_7, kennysheep_crisscross,
          nicolae_figureground_sparkle, uniq_duvessa

Skill      XL: |  1  2  3  4  5  6 |
---------------+-------------------+-----
Shields        | 4 |  4.6
Armour         | 4 |  4.7
Fighting       | 4 |  4.6
Maces & Flails | 3 |  3.4
Dodging        | 1 |  1.2
Slings         | 1 |  1.1

Action                   |  1- 3 |  4- 6 || total
-------------------------+-------+-------++-------
Melee: Flail             |   140 |    33 ||   173
 Fire: Hunting sling     |       |   117 ||   117
  Use: Scroll            |     1 |     3 ||     4
       Potion            |       |     2 ||     2
Armor: Scale mail        |    91 |    49 ||   140
Dodge: Dodged            |    85 |    30 ||   115
Block: Buckler           |    32 |    16 ||    48
